 Dungeon Crawl Stone Soup version 0.23.1 (webtiles) character file.

Game seed: 0

67 Borgoz the Ruffian (level 4, -2/37 HPs)
             Began as a Ghoul Warper on Mar 9, 2019.
             Slain by Grinder (6 damage)
             ... while paralysed by Grinder
             ... on level 3 of the Dungeon.
             The game lasted 00:04:20 (1493 turns).

Borgoz the Ruffian (Ghoul Warper)                   Turns: 1493, Time: 00:04:21

Health: -2/37      AC:  3    Str: 14    XL:     4   Next: 16%
Magic:  6/6        EV:  2    Int:  8    God:
Gold:   29         SH:  0    Dex:  9    Spells: 7/7 levels left

rFire    . . .     SeeInvis .     - Unarmed
rCold    + . .     Gourm    .   (no shield)
rNeg     + + +     Faith    .   a - +0 leather armour
rPois    ∞         Spirit   .   (no helmet)
rElec    .         Reflect  .   (no cloak)
rCorr    .         Harm     .   (no gloves)
MR       .....                  (no boots)
Stlth    +.........             (no amulet)
HPRegen  0.00/turn              (no ring)
MPRegen  0.10/turn              (no ring)

@: paralysed, rotting, hasted (expiring)
A: rotting body, claws 1, carnivore, cold resistance 1, negative energy
resistance 3, inhibited regeneration, torment resistance, unbreathing
a: no special abilities


You were on level 3 of the Dungeon.
You were not hungry.

You visited 1 branch of the dungeon, and saw 3 of its levels.

You collected 29 gold pieces.

Inventory:

Missiles
 d - 5 tomahawks of dispersal (quivered)
 e - 5 tomahawks
 j - 5 javelins
Armour
 a - a +0 leather armour (worn)
Scrolls
 b - 3 scrolls of teleportation
 c - a scroll of blinking
 h - a scroll of identify {unknown}
Comestibles
 f - 2 rations
 m - a chunk of flesh


   Skills:
 + Level 2.8 Fighting
 - Level 0.8 Throwing
 + Level 1.5 Armour
 + Level 2.3 Dodging
 + Level 3.0 Unarmed Combat
 + Level 2.2 Spellcasting
   Level 2.6 Translocations


You had 7 spell levels left.
You didn't know any spells.
Your spell library contained the following spells:

 Spells                   Type           Power        Failure   Level  Hunger
 Blink                    Tloc           N/A          22%         2    ###....
 Shroud of Golubria       Chrm/Tloc      #.........   36%         2    ###....
 Gell's Gravitas          Tloc           #.........   38%         3    ####...
 Lesser Beckoning         Tloc           #.........   38%         3    ####...
 Teleport Other           Tloc           #.......     38%         3    ####...
 Passage of Golubria      Tloc           N/A          80%         4    #####..


Dungeon Overview and Level Annotations

Branches:
Dungeon (3/15)

Altars:

Annotations:
D:3 Grinder


Innate Abilities, Weirdness & Mutations

Your body is rotting away.
You thrive on raw meat.
You are immune to poison.
You have sharp fingernails.
You are carnivorous and can eat meat at any time.
Your flesh is cold resistant. (rC+)
You are immune to negative energy. (rN+++)
You do not regenerate when monsters are visible.
You are immune to unholy pain and torment.
You can survive without breathing.


Message History

Grinder hits you!
You can move again.
Grinder hits you but does no damage.
You scratch Grinder.
Grinder is moderately wounded.
Grinder hits you.
* * * LOW HITPOINT WARNING * * *
You completely miss Grinder.
Grinder is moderately wounded.
You closely miss Grinder.
Grinder is moderately wounded.
Grinder gestures at you.
You suddenly lose the ability to move!
Grinder blinks!
Your extra speed is starting to run out.
You hear the slow rusting of a distant drain.
Grinder hits you!
* * * LOW HITPOINT WARNING * * *
Grinder hits you.
You die...

*******#.....[..#
,,,,,,##........#
,,,>,,..........#
,,,,,,*#........#
****,,*######!### ,,,*,,,,,* #.##
,>,*,,,,,* #..###### ,,,*,,,,,*
##......# ****,,,,,* #..@...##
*** ,,,,,,,,,* #..5...(# ****,,
,,,,,********##..$...#******,,,,,
***,,,,,,,,...............,',,,,,
***********#####.....#.###**,,,,,
,,,* #..####,# *,,,,,
,,,************##.#* *,* *,,,,,
,,,,,,,,,,,,,,,,...***,*****,,,,,
,,,,,,,,,,,,,,,,...,,,,,,,,,,,,,,


You could see Grinder.

Vanquished Creatures
  2 adders (D:2)
  2 dart slugs
  2 leopard geckos (D:2)
  An orc (D:2)
  A ball python (D:1)
  6 bats
  A giant cockroach (D:1)
  8 goblins
  4 hobgoblins
  4 jackals (D:1)
  A quokka (D:3)
  A frilled lizard (D:2)
  3 kobolds
  2 rats
38 creatures vanquished.

Notes
Turn   | Place    | Note
-------+----------+-------------------------------------------
     0 | D:1      | Borgoz the Ghoul Warper began the quest for the Orb.
     0 | D:1      | Reached XP level 1. HP: 17/17 MP: 2/2
   109 | D:1      | Reached skill level 1 in Armour
   117 | D:1      | Reached XP level 2. HP: 21/24 MP: 3/3
   431 | D:1      | Reached XP level 3. HP: 15/30 MP: 5/5
  1346 | D:2      | Reached XP level 4. HP: 37/37 MP: 6/6
  1443 | D:3      | Noticed Grinder
  1453 | D:3      | Reached skill level 3 in Unarmed Combat
  1480 | D:3      | Paralysed by Grinder for 3 turns
  1487 | D:3      | Paralysed by Grinder for 7 turns
  1493 | D:3      | Slain by Grinder

Skill      XL: |  1  2  3  4 |
---------------+-------------+-----
Armour         | 1 |  1.5
Spellcasting   | 2 |  2.2
Dodging        | 2 |  2.3
Unarmed Combat | 3 |  3.0
Fighting       | |  2.8
Throwing       | |  0.8
Translocations | |  2.6

Action                   |  1- 3 |  4- 6 || total
-------------------------+-------+-------++-------
Melee: Unarmed           |   114 |    31 ||   145
       Punch             |     1 |       ||     1
  Use: Scroll            |       |     5 ||     5
       Potion            |       |     1 ||     1
  Eat: Chunk             |     7 |     3 ||    10
Armor: Leather armour    |    39 |     3 ||    42
Dodge: Dodged            |    96 |    14 ||   110
